 Dungeon Crawl Stone Soup version 0.31-a0-963-ga325b2283a (webtiles) character file.

Game seed: 12439187932844689854

304 senseless the Insei (level 6, -9/47 HPs)
             Began as a Gnoll Shapeshifter on Oct 24, 2023.
             Mangled by a gnoll
             ... wielding a +0 halberd
              (10 damage)
             ... on level 4 of the Dungeon.
             The game lasted 00:07:44 (3686 turns).

senseless the Insei (Gnoll Shapeshifter)            Turns: 3686, Time: 00:07:45

Health: -9/47      AC:  5    Str: 13    XL:     6   Next: 38%
Magic:  9/9        EV: 12    Int: 10    God:
Gold:   231        SH:  0    Dex: 13    Spells: 9/9 levels left

rFire   . . .        u - +7 war axe "Fieqathaurph" {heavy, rElec}
rCold   . . .        (no shield)
rNeg    . . .        y - +0 ring mail
rPois   .            (helmet currently unavailable)
rElec   +            (cloak currently unavailable)
rCorr   .            (gloves currently unavailable)
SInv    +            (boots currently unavailable)
Will    .....        (no amulet)
Stlth   +            A - ring of see invisible
HPRegen 0.27/turn    (no ring)
MPRegen 0.11/turn

%: no passive effects
@: beast-form
A: beast (slay +3), fangs 1, strong nose, distributed training
a: Begin Untransformation


You were on level 4 of the Dungeon.
You were a hulking beast.
You visited 1 branch of the dungeon, and saw 4 of its levels.

You collected 231 gold pieces.

Inventory:

Hand Weapons
 e - a +0 sling
 l - a +1 dagger of venom
 u - the +7 war axe "Fieqathaurph" (weapon) {heavy, rElec}
   (You found it on level 3 of the Dungeon)

   rElec:     It insulates you from electricity.
Armour
 a - a +0 helmet
 k - a +0 leather armour
 o - a +0 cloak
 v - a +0 pair of boots
 y - a +0 ring mail (worn)
Jewellery
 A - a ring of see invisible (left hand)
Talismans
 c - a beast talisman
 d - a flux talisman
 z - a blade talisman
Wands
 w - a wand of roots (11) (quivered)
Scrolls
 f - a scroll of acquirement {unknown}
 h - a scroll of vulnerability {unknown}
 i - a scroll of immolation {unknown}
 n - 3 scrolls of identify {unknown}
 q - a scroll of enchant weapon {unknown}
 r - a scroll of poison {unknown}
 s - a scroll of blinking {unknown}
 t - a scroll of fog
 x - a scroll of fear {unknown}
Potions
 b - 2 potions of lignification
 g - a potion of haste {unknown}
 j - 4 potions of curing {unknown}
 m - a potion of mutation {unknown}
 p - 3 potions of brilliance {unknown}


   Skills:
 + Level 3.2 Fighting
 + Level 2.0 Short Blades
 + Level 2.0 Long Blades
 + Level 2.0 Axes
 + Level 2.0 Maces & Flails
 + Level 2.0 Polearms
 + Level 2.0 Staves
 + Level 2.0 Ranged Weapons
 + Level 2.0 Throwing
 + Level 2.0 Armour
 + Level 5.0 Dodging
 + Level 2.0 Stealth
 + Level 2.0 Shields
 + Level 6.8 Unarmed Combat
 + Level 2.0 Spellcasting
 + Level 1.5 Conjurations
 + Level 1.5 Hexes
 + Level 1.5 Summonings
 + Level 1.5 Necromancy
 + Level 1.5 Translocations
 + Level 1.5 Transmutations
 + Level 1.5 Fire Magic
 + Level 1.5 Ice Magic
 + Level 1.5 Air Magic
 + Level 1.5 Earth Magic
 + Level 1.5 Poison Magic
 + Level 2.2 Invocations
 + Level 2.0 Evocations
 + Level 6.7 Shapeshifting


You had 9 spell levels left.
You didn't know any spells.
Your spell library contained the following spells:

 Spells                   Type           Power      Damage    Failure   Level
 Kiss of Death            Conj/Necr      16%        2d6       34%         1
 Confusing Touch          Hex            4%         N/A       71%         3
 Dispel Undead            Necr           4%         3d7       98%         4
 Alistair's Intoxication  Tmut/Pois      2%         N/A       100%        5
 Borgnjor's Vile Clutch   Necr/Erth      2%         N/A       100%        5
 Eringya's Noxious Bog    Tmut/Pois      2%         4d6       100%        6


Dungeon Overview and Level Annotations

Branches:
Dungeon (4/15)
 Temple: D:4-7

Altars:
Kikubaaqudgha
Nemelex Xobeh


Innate Abilities, Weirdness & Mutations

You are a hulking beast.
Your limbs bulge with bestial killing power. (Slay +3)
You have very sharp teeth.
Your uncanny sense of smell can sniff out nearby items.
Your experience applies equally to all skills.


Message History

The gnoll shouts! x2
A gnoll comes into view. It is wielding a +0 halberd.
The gnoll closely misses you.
The gnoll shouts! x2
The gnoll barely misses you.
You completely miss the gnoll. The gnoll misses you.
You slash the gnoll!
The gnoll is almost dead.
You completely miss the jackal. The jackal closely misses you.
The jackal bites you but does no damage.
The gnoll barely misses you. The gnoll hits you with a +0 flail.
The jackal misses you. The gnoll hits you with a +0 flail.
The gnoll barely misses you.
You closely miss the gnoll.
The gnoll is almost dead.
You hit the jackal. The jackal completely misses you. The jackal misses you.
The gnoll hits you with a +0 flail! The gnoll misses you.
The gnoll hits you from afar with a +0 spear.
The gnoll completely misses you. The jackal closely misses you.
You hit the gnoll.
The gnoll is almost dead.
You slash the jackal!
You kill the jackal!
The gnoll hits you from afar with a +0 spear.
The gnoll barely misses you. x2
The gnoll hits you from afar with a +0 spear.
You slice the gnoll!!
You kill the gnoll!
The gnoll misses you. The gnoll closely misses you.
The gnoll completely misses you.
You see here a +0 flail.
You hit the gnoll.
The gnoll is heavily wounded.
The gnoll hits you with a +0 spear. The gnoll barely misses you.
The gnoll hits you from afar with a +0 halberd!
* * * LOW HITPOINT WARNING * * *
The gnoll hits you but does no damage. The gnoll hits you with a +0 spear.
* * * LOW HITPOINT WARNING * * *
The gnoll hits you from afar with a +0 halberd!
You die...

....... .# ###+###
..# ##. # ..# ...###
#.# #... #.# +... #
#.# #...
#g####.######. #...
#ggh.......... #...
######.##########...
#.# ...#....... #.#
#.#.###... #.#
#.....#... #.##
###.#.##.# #..#
#.#.#.##.# #.<#
#.#.#.##..
#######..#
#.....####


You could see 3 gnolls.

Vanquished Creatures
  A scorpion (D:3)
  Crazy Yiuf (D:2)
  2 iguanas (D:4)
  Robin (D:2)
  2 gnolls
  4 adders
  A worm (D:2)
  A dart slug (D:3)
  An orc (D:3)
  7 bats
  3 bat zombies (D:3)
  2 endoplasms
  2 giant cockroaches (D:4)
  20 goblins
  9 hobgoblins
  5 jackals
  6 kobolds
  5 quokkas
  7 ball pythons
  3 frilled lizards
  13 rats
  A rat zombie (D:3)
97 creatures vanquished.

Notes
Turn   | Place    | Note
-------+----------+-------------------------------------------
     0 | D:1      | senseless the Gnoll Shapeshifter began the quest for the
                  | Orb.
     0 | D:1      | Reached XP level 1. HP: 17/17 MP: 1/1
   102 | D:1      | Reached XP level 2. HP: 23/23 MP: 2/2
   679 | D:1      | Reached XP level 3. HP: 28/28 MP: 3/3
   969 | D:2      | Found a sparkling altar of Nemelex Xobeh.
   977 | D:2      | Reached skill level 1 in Invocations
  1055 | D:2      | Noticed Robin
  1070 | D:2      | Killed Robin
  1071 | D:2      | Reached skill level 1 in Short Blades
  1071 | D:2      | Reached skill level 1 in Long Blades
  1071 | D:2      | Reached skill level 1 in Axes
  1071 | D:2      | Reached skill level 1 in Maces & Flails
  1071 | D:2      | Reached skill level 1 in Polearms
  1071 | D:2      | Reached skill level 1 in Staves
  1071 | D:2      | Reached skill level 1 in Ranged Weapons
  1071 | D:2      | Reached skill level 1 in Throwing
  1071 | D:2      | Reached skill level 1 in Armour
  1071 | D:2      | Reached skill level 1 in Stealth
  1071 | D:2      | Reached skill level 1 in Shields
  1071 | D:2      | Reached skill level 1 in Spellcasting
  1071 | D:2      | Reached skill level 1 in Evocations
  1073 | D:2      | Reached XP level 4. HP: 27/34 MP: 5/5
  1349 | D:2      | Reached skill level 1 in Conjurations
  1349 | D:2      | Reached skill level 1 in Hexes
  1349 | D:2      | Reached skill level 1 in Summonings
  1349 | D:2      | Reached skill level 1 in Necromancy
  1349 | D:2      | Reached skill level 1 in Translocations
  1349 | D:2      | Reached skill level 1 in Transmutations
  1349 | D:2      | Reached skill level 1 in Fire Magic
  1349 | D:2      | Reached skill level 1 in Ice Magic
  1349 | D:2      | Reached skill level 1 in Air Magic
  1349 | D:2      | Reached skill level 1 in Earth Magic
  1349 | D:2      | Reached skill level 1 in Poison Magic
  1826 | D:2      | Found a runed translucent door.
  1827 | D:2      | Noticed Crazy Yiuf
  1835 | D:2      | Killed Crazy Yiuf
  1836 | D:2      | Reached XP level 5. HP: 27/40 MP: 5/7
  2716 | D:3      | Found an ancient bone altar of Kikubaaqudgha.
  2830 | D:3      | Identified the +7 war axe "Fieqathaurph" {heavy, rElec}
  2987 | D:3      | Reached XP level 6. HP: 47/47 MP: 8/8
  3398 | D:4      | Reached skill level 5 in Dodging
  3686 | D:4      | HP: 1/47 [gnoll/+0 spear (2)]
  3686 | D:4      | Mangled by a gnoll

Illustrated notes

Levels and vault maps discovered:
D:1:      elethiomel_arrival_quiet, layout_basic, minmay_crystal_room,
          minmay_rat_gold_closets
D:2:      layout_loops_ring, basic_altar, minmay_goblin_outpost, uniq_robin,
          uniq_crazy_yiuf_cottage
D:3:      layout_loops_corners, lemuel_zombie_altar_kikubaaqudgha
D:4:      layout_basic, zin_academy

Skill      XL: |  1  2  3  4  5  6 |
---------------+-------------------+-----
Invocations    | 1 2 |  2.2
Short Blades   | 1 2 |  2.0
Long Blades    | 1 2 |  2.0
Axes           | 1 2 |  2.0
Maces & Flails | 1 2 |  2.0
Polearms       | 1 2 |  2.0
Staves         | 1 2 |  2.0
Ranged Weapons | 1 2 |  2.0
Throwing       | 1 2 |  2.0
Armour         | 1 2 |  2.0
Stealth        | 1 2 |  2.0
Shields        | 1 2 |  2.0
Spellcasting   | 1 2 |  2.0
Evocations     | 1 2 |  2.0
Conjurations   | 1 |  1.5
Hexes          | 1 |  1.5
Summonings     | 1 |  1.5
Necromancy     | 1 |  1.5
Translocations | 1 |  1.5
Transmutations | 1 |  1.5
Fire Magic     | 1 |  1.5
Ice Magic      | 1 |  1.5
Air Magic      | 1 |  1.5
Earth Magic    | 1 |  1.5
Poison Magic   | 1 |  1.5
Fighting       | 3 |  3.2
Dodging        | 5 |  5.0
Unarmed Combat | |  6.8
Shapeshifting  | |  6.7

Action                     |  1- 3 |  4- 6 || total
---------------------------+-------+-------++-------
  Melee: Unarmed           |    66 |    47 ||   113
         Bite              |     3 |     9 ||    12
         Punch             |     2 |     5 ||     7
         Dagger            |       |    61 ||    61
         War axe           |       |    24 ||    24
   Fire: Sling             |       |     1 ||     1
    Use: Scroll            |     1 |       ||     1
   Stab: Sleeping          |     3 |     2 ||     5
 Armour: Animal skin       |    15 |       ||    15
         Leather armour    |     6 |    70 ||    76
         Ring mail         |       |    12 ||    12
  Dodge: Dodged            |    27 |    98 ||   125

Table legend: (Time is in decaauts)
 A = Elapsed time spent in this place.
 B = Non-inter-level travel time spent in this place.
 C = Inter-level travel time spent in this place.
 D = Time resting spent in this place.
 E = Time spent auto-exploring this place.
 F = Levels seen in this place.
 G = Mean time per level.
                   A        B        C        D        E       F      G
               +--------+--------+--------+--------+--------+-----+--------+
         Total |   3688 |   3501 |    187 |    103 |   2862 |   4 |  922.0 |
       Dungeon |   3688 |   3501 |    187 |    103 |   2862 |   4 |  922.0 |
               +--------+--------+--------+--------+--------+-----+--------+

Top non-repeatable levels by time:
     D:3: 1087 daAuts
     D:2: 1019 daAuts
     D:1: 963 daAuts
     D:4: 618 daAuts
